 Dungeon Crawl Stone Soup version 0.28.0-62-gf88900778d (webtiles) character file.

Game seed: 7616340040110855048

1150 cbfl8 the Cleaver (level 8, -2/63 (68) HPs)
             Began as a Hill Orc Fighter on May 27, 2023.
             Was an Initiate of Beogh.
             Slain by a wight
             ... wielding a +0 long sword
              (5 damage)
             ... on level 5 of the Dungeon.
             The game lasted 00:06:09 (4818 turns).

cbfl8 the Cleaver (Hill Orc Fighter)                Turns: 4818, Time: 00:06:10

HP:   -2/63 (68)    AC: 14    Str: 25    XL:     8   Next: 38%
MP:   8/8           EV:  5    Int:  8    God:    Beogh [......]
Gold: 268           SH:  9    Dex: 12    Spells: 7/7 levels left

rFire   . . .      SeeInvis .   a - +0 war axe
rCold   . . .      Faith    .   k - +0 kite shield
rNeg    . . .      Spirit   .   i - +0 plate armour {Will+}
rPois   .          Reflect  .   (no helmet)
rElec   .          Harm     .   (no cloak)
rCorr   +          Rampage  .   (no gloves)
Will    +....                   b - +1 pair of boots
Stlth   ..........              (no amulet)
HPRegen 0.20/turn               h - ring of resist corrosion
MPRegen 0.11/turn               g - +6 ring of strength

@: drained
A: no striking features
a: Renounce Religion


You were on level 5 of the Dungeon.
You worshipped Beogh.
Beogh was noncommittal.
You visited 1 branch of the dungeon, and saw 5 of its levels.

You collected 268 gold pieces.

Inventory:

Hand Weapons
 a - a +0 war axe (weapon)
Armour
 b - a +1 pair of boots (worn)
 i - a +0 plate armour of willpower (worn)
 k - a +0 kite shield (worn)
Jewellery
 g - a +6 ring of strength (right hand)
 h - a ring of resist corrosion (left hand)
Scrolls
 e - 3 scrolls of fog
 j - 2 scrolls of identify
Potions
 d - a potion of cancellation
 f - a potion of curing


   Skills:
 + Level 5.3 Fighting
 + Level 8.4 Axes
 + Level 6.0 Armour
 + Level 0.1 Dodging
 + Level 4.3 Shields
 * Level 3.9 Evocations


You had 7 spell levels left.
You didn't know any spells.
Your spell library contained the following spells:

 Spells                   Type           Power      Damage    Failure   Level
 Fireball                 Conj/Fire      0%         3d3       100%        5
 Iskenderun's Battlesphe  Conj           0%         2d6       100%        5
 Conjure Ball Lightning   Conj/Air       0%         3x3d6     100%        6
 Orb of Destruction       Conj           0%         9d5       100%        7


Dungeon Overview and Level Annotations

Branches:
Dungeon (5/15)
 Temple: D:4-7

Altars:
Cheibriados
Kikubaaqudgha
Uskayaw

Shops:
D:4 (


Message History

You block the troll's attack.
The troll claws you but does no damage. x2
You climb upwards.
There is a stone staircase leading down, spattered with blood here.
Okay, then.
You block the troll's attack. The troll claws you. x2
You climb downwards.
There is a stone staircase leading up, spattered with blood here.
Things that are here:
a +0 leather armour; a +0 falchion You block the orc priest's attack.
The orc priest hits you but does no damage.
The orc priest miscasts a cantrip.
Okay, then.
The orc priest looks satisfied for a moment.
The orc priest calls down the wrath of Beogh upon you.
Beogh smites you!
Found a ring mail.
The orc priest looks satisfied for a moment.
Found a transparent leather armour.
Found 18 gold pieces.
The orc priest invokes the aid of Beogh against you.
Beogh smites you!
* * * LOW HITPOINT WARNING * * *
Found 13 stones.
An iron imp comes into view.
Found a snail-covered altar of Cheibriados.
The iron imp shouts, "Out, out, thou bawdy fob-snatching nobody!"
The orc priest calls down the wrath of Beogh upon you.
Beogh smites you!
* * * LOW HITPOINT WARNING * * *
A gnoll sergeant comes into view. It is wielding a +4 trident.
A scorpion comes into view.
A wight comes into view. It is wielding a +0 long sword.
Found a potion of invisibility.
The troll bites you but does no damage. You block the troll's attack.
The troll claws you.
* * * LOW HITPOINT WARNING * * *
Found a runed long sword.
You block the gnoll sergeant's attack.
Found a diamond ring.
The wight hits you with a +0 long sword.
You die...

....###.................
............[..##.......
...........o...##....#'#
._.............##....o..
............##......[...
....5....#.###..........
....###T#### ...........
... #.z.#............#
#@gs..............
........................
.#..=......###..#.....>.
#.........#)#..........
##........###..........
#...!.................
#.....................
#........... ..$......
####.#...


You could see a troll, a gnoll sergeant, a scorpion and a wight.

Vanquished Creatures
  Pikel (D:4)
  A black bear (D:4)
  An ogre (D:3)
  A phantom (D:5)
  A gnoll sergeant (D:4)
  A wyvern zombie (D:5)
  A scorpion (D:2)
  A wight (D:4)
  A hound (D:5)
  Jessica (D:3)
  A hound skeleton (D:4)
  4 adders
  3 worms
  5 dart slugs
  10 orcs
  8 bats
  6 endoplasms
  A giant cockroach (D:2)
  5 goblins
  9 hobgoblins
  4 quokkas
  11 ball pythons
  3 frilled lizards
  11 kobolds
  4 rats
95 creatures vanquished.

Vanquished Creatures (others)
  An ogre (D:5)
  An orc (D:5)
2 creatures vanquished.

Grand Total: 97 creatures vanquished

Notes
Turn   | Place    | Note
-------+----------+-------------------------------------------
     0 | D:1      | cbfl8 the Hill Orc Fighter began the quest for the Orb.
     0 | D:1      | Reached XP level 1. HP: 19/19 MP: 1/1
   110 | D:1      | Found a faded altar of an unknown god.
   217 | D:1      | Reached XP level 2. HP: 26/27 MP: 2/2
   465 | D:1      | Reached skill level 3 in Axes
   616 | D:1      | Reached XP level 3. HP: 33/33 MP: 3/3
  1144 | D:2      | Noticed a scorpion
  1157 | D:2      | Killed a scorpion
  1158 | D:2      | Reached skill level 4 in Axes
  1158 | D:2      | Reached skill level 1 in Evocations
  1158 | D:2      | Reached XP level 4. HP: 28/40 MP: 4/4
  1709 | D:2      | Reached XP level 5. HP: 39/46 MP: 5/5
  2013 | D:3      | Found an ancient bone altar of Kikubaaqudgha.
  2096 | D:3      | Noticed Jessica
  2104 | D:3      | Killed Jessica
  2521 | D:3      | Reached skill level 5 in Axes
  2641 | D:4      | Found Pafud's Antique Weapon Shop.
  2694 | D:4      | Noticed an ogre
  2951 | D:4      | Noticed a +0 hand axe
  2951 | D:4      | Noticed a +0 dagger
  2951 | D:4      | Found a hide-covered altar of Uskayaw.
  2967 | D:4      | Reached XP level 6. HP: 53/53 MP: 6/6
  3043 | D:4      | Noticed a black bear
  3052 | D:4      | Killed a black bear
  3522 | D:3      | Reached skill level 6 in Axes
  3767 | D:5      | Entered Level 5 of the Dungeon
  3795 | D:5      | Noticed Pikel
  3834 | D:4      | Killed Pikel
  3835 | D:4      | Reached skill level 5 in Fighting
  3835 | D:4      | Reached skill level 7 in Axes
  3835 | D:4      | Reached skill level 5 in Armour
  3835 | D:4      | Reached XP level 7. HP: 38/61 MP: 7/7
  3835 | D:4      | Reached XP level 8. HP: 43/68 MP: 8/8
  4137 | D:5      | Reached skill level 8 in Axes
  4300 | D:5      | Became a worshipper of Beogh the Brigand
  4302 | D:5      | Noticed a troll
  4814 | D:5      | Found a snail-covered altar of Cheibriados.
  4814 | D:5      | HP: 3/63 [orc priest/divine providence (13)]
  4818 | D:5      | Slain by a wight

Illustrated notes

Levels and vault maps discovered:
D:1:      minmay_arrival_stone_box, layout_loops_corners,
          dreamdust_ecumenical_altar_statues
D:2:      layout_basic
D:3:      layout_basic, nicolae_kikubaaqudgha_miasma_corner,
          minmay_misc_feat_columns, uniq_jessica
D:4:      layout_cave_pools, dancing_weapons_uskayaw, serial_shops,
          nicolae_stop_n_shop_2
D:5:      layout_basic, slow_altar_1, gammafunk_temple_overflow_pools,
          minmay_temple_entry_statues, mrwooster_statue_mirror, sword_in_stone,
          uniq_blork_the_orc, uniq_pikel

Skill      XL: |  1  2  3  4  5  6  7  8 |
---------------+-------------------------+-----
Fighting       | 4 5 |  5.3
Axes           | 3 4 5 7 8 |  8.4
Evocations     | 1 2 3 |  3.9
Armour         | 4 5 6 |  6.0
Shields        | 4 |  4.3
Dodging        | |  0.1

Action                   |  1- 3 |  4- 6 |  7- 9 || total
-------------------------+-------+-------+-------++-------
Melee: War axe           |    65 |   161 |    64 ||   290
Invok: Convert to Beogh  |       |       |     1 ||     1
  Use: Potion            |     1 |     2 |     2 ||     5
       Scroll            |       |     9 |       ||     9
Armor: Scale mail        |    24 |       |       ||    24
       Plate armour      |    12 |   101 |    37 ||   150
Dodge: Dodged            |    25 |    38 |    20 ||    83
Block: Buckler           |    15 |    37 |     8 ||    60
       Kite shield       |       |       |    10 ||    10
